 Dungeon Crawl Stone Soup version 0.22-a0-479-gc6e99f3 (webtiles) character file.

88 Curus the Cudgeler (level 4, 0/39 HPs)
             Began as a Minotaur Fighter on June 14, 2018.
             Killed from afar by Natasha (8 damage)
             ... with a magic dart
             ... on level 2 of the Dungeon.
             The game lasted 00:04:02 (1117 turns).

Curus the Cudgeler (Minotaur Fighter)               Turns: 1117, Time: 00:04:02

Health: 0/39       AC:  6    Str: 21    XL:     4   Next: 30%
Magic:  3/3        EV:  7    Int:  6    God:
Gold:   67         SH:  9    Dex:  9    Spells: 3/3 levels left

rFire    . . .     SeeInvis .   a - +0 flail
rCold    . . .     Gourm    .   c - +0 shield
rNeg     . . .     Faith    .   b - +0 scale mail
rPois    .         Spirit   .   (helmet restricted)
rElec    .         Reflect  .   (no cloak)
rCorr    .         Harm     .   (no gloves)
MR       .....                  (no boots)
Stlth    ..........             (no amulet)
HPRegen  0.13/turn              i - ring of loudness (curse)
MPRegen  0.08/turn              (no ring)

@: no status effects
A: retaliatory headbutt, horns 2
a: no special abilities


You were on level 2 of the Dungeon.
You were not hungry.

You visited 1 branch of the dungeon, and saw 2 of its levels.

You collected 67 gold pieces.

Inventory:

Hand Weapons
 a - a +0 flail (weapon)
Armour
 b - a +0 scale mail (worn)
 c - a +0 shield (worn)
Jewellery
 i - a cursed ring of loudness (left hand)
 j - a +3 ring of protection {unknown}
Scrolls
 e - a scroll of identify
 g - a scroll of teleportation
 h - a scroll of amnesia
Potions
 d - a potion of might
Comestibles
 f - 3 rations


   Skills:
 - Level 3.6 Fighting
 + Level 5.6 Maces & Flails
 - Level 3.6 Armour
 - Level 3.6 Shields


You had 3 spell levels left.
You didn't know any spells.
Your spell library was empty.

Dungeon Overview and Level Annotations

Branches:
Dungeon (2/15)

Altars:

Annotations:
D:2 Natasha


Innate Abilities, Weirdness & Mutations

You reflexively headbutt those who attack you in melee.
You have a pair of horns on your head.


Message History

The crimson imp blinks!
The shadow imp hits you but does no damage.
The dart slug bites you but does no damage.
The shadow imp hits you but does no damage.
Natasha claws you!
* * * LOW HITPOINT WARNING * * *
The shadow imp hits you but does no damage.
The crimson imp grins evilly.
The crimson imp blinks!
You see here a stone.
You hit the crimson imp but do no damage.
You headbutt the crimson imp, but do no damage.
The crimson imp is heavily wounded.
The shadow imp disappears in a puff of smoke!
The shadow imp hits you.
* * * LOW HITPOINT WARNING * * *
Natasha growls.
Natasha stares at you and mumbles some strange words.
The magic dart hits you!
You die...

.......#.......#.#
#......#
†......#.......#.#
#.######
.......#.......#.#
#.#
.......#.......#.#
#.# .......# #.#.#
.......# #.#(#
#.##.### ###.#(# #.#
..# #....5# #.# .#
#....@### #.# .
###...§h5.#
#)####..........§).#
................w..#
#.#####......#.....#
..# #####.....# ###
#.....# #.##### #.


You could see Natasha, a crimson imp, a shadow imp and a dart slug.

Vanquished Creatures
  Natasha (D:2)
  An adder (D:2)
  2 worms (D:2)
  8 bats
  2 giant cockroaches
  A goblin (D:1)
  4 hobgoblins
  13 jackals
  7 kobolds
  A ball python (D:2)
  3 frilled lizards
  2 rats (D:1)
45 creatures vanquished.

Notes
Turn   | Place    | Note
-------+----------+-------------------------------------------
     0 | D:1      | Curus the Minotaur Fighter began the quest for the Orb.
     0 | D:1      | Reached XP level 1. HP: 19/19 MP: 0/0
   110 | D:1      | Reached skill level 3 in Maces & Flails
   168 | D:1      | Reached XP level 2. HP: 26/26 MP: 1/1
   386 | D:1      | Reached skill level 4 in Maces & Flails
   546 | D:1      | Reached XP level 3. HP: 30/31 MP: 2/2
   940 | D:2      | Noticed Natasha
   950 | D:2      | Killed Natasha
   950 | D:2      | Reached skill level 5 in Maces & Flails
   950 | D:2      | Reached XP level 4. HP: 30/39 MP: 3/3
  1100 | D:2      | Noticed Natasha
  1117 | D:2      | Killed from afar by Natasha

Vault maps used:
D:1:      tarquinn_simple_flora_water_b
D:2:      uniq_natasha

Skill      XL: |  1  2  3 |
---------------+----------+-----
Maces & Flails | 3 4 5 |  5.6
Fighting       | |  3.6
Armour         | |  3.6
Shields        | |  3.6

Action                   |  1- 3 |  4- 6 || total
-------------------------+-------+-------++-------
Melee: Flail             |    97 |    20 ||   117
       Headbutt          |    17 |     2 ||    19
  Use: Scroll            |     4 |       ||     4
       Potion            |     3 |     1 ||     4
  Eat: Chunk             |       |     1 ||     1
Armor: Scale mail        |    34 |    15 ||    49
Dodge: Dodged            |    24 |    13 ||    37
Block: Shield            |    39 |    16 ||    55

Table legend:
 A = Spawn XP
 B = Non-spawn XP
 C = Spawn XP percentage of total XP
 D = Spawn monster count
 E = Non-spawn monster count
 F = Spawn count percentage of total count
 G = Total turns spent on level
                    A         B        C        D         E        F      G
               +---------+---------+-------+---------+---------+-------+---------
         Total |       0 |     127 |   0.0 |       0 |      45 |   0.0 |  1117
               +---------+---------+-------+---------+---------+-------+---------
           D:1 |       0 |      44 |   0.0 |       0 |      26 |   0.0 |   658
           D:2 |       0 |      83 |   0.0 |       0 |      19 |   0.0 |   459
               +---------+---------+-------+---------+---------+-------+---------
